AoeStats
← MC0LEE

Arena

510242060Analyzed
1v1 RM · 2d ago on Sep 30, 2026· 43m 26s· 2 players
Game mode
Random Map
Map size
Tiny (2 player)
Population
200
Speed
Normal
Resources
Standard
Victory
Conquest
Starting age
Dark Age
Ending age
Imperial Age
RankedLock teamsTeams togetherTeam positionsShared explorationLock speedFull tech treeHidden civsTurbo modeCheats
Victory
Defeat
🇹🇷 Khmer · Türkiye
960
+17
🇺🇸 Spanish · United States
973
-17
MC0LEE
0:27 Loom
15:13 Feudal Age
18:19 Castle Age
16:02 Horse Collar
16:07 Double-Bit Axe
16:14 Stone Mining
19:13 Bow Saw
19:04 Heavy Plow
21:25 Gold Mining
23:07 Wheelbarrow
22:22 Town Watch
24:39 Town Patrol
24:56 Hand Cart
24:46 Town Patrol
25:47 Stone Shaft Mining
25:57 Gold Shaft Mining
27:45 Fortified Wall
27:10 Light Cavalry
28:00 Bloodlines
27:50 Husbandry
28:54 Murder Holes
29:10 Masonry
29:21 Ballistics
30:39 Scale Barding Armor
30:47 Forging
34:36 Imperial Age
33:19 Padded Archer Armor
33:10 Fletching
33:41 Chain Barding Armor
34:04 Iron Casting
35:59 Crop Rotation
35:55 Conscription
36:51 Chemistry
36:22 Architecture
36:13 Double Crossbow
35:52 Elite Ballista Elephant
36:25 Hussar
38:18 Leather Archer Armor
37:58 Bodkin Arrow
38:49 Plate Barding Armor
39:15 Blast Furnace
39:11 Siege Engineers
39:40 Ring Archer Armor
39:35 Bracer
mtbaforward
10:52 Feudal Age
12:51 Double-Bit Axe
15:28 Castle Age
18:11 Horse Collar
21:57 Heavy Plow
25:57 Imperial Age
26:20 Wheelbarrow
27:21 Bow Saw
27:13 Heavy Plow
27:05 Gold Mining
27:55 Scale Barding Armor
28:01 Forging
29:03 Bloodlines
29:15 Chain Barding Armor
30:29 Two-Man Saw
32:33 Chemistry
32:59 Cavalier
35:51 Plate Barding Armor
36:19 Iron Casting
37:24 Hand Cart
39:13 Blast Furnace
38:50 Loom
38:52 Town Watch
39:18 Thumb Ring
40:49 Fletching
41:01 Padded Archer Armor
41:30 Ballistics
41:21 Masonry
41:24 Town Patrol
41:32 Paladin
Connection lost

Rejoining the realm…

Still unreachable

The connection could not be restored.

Session expired

The server has moved on; the page needs a fresh start.